Connexion

Barracuda vs Devils

Created - 1 mars 2024 at 07:54

Goals
1 2 3 T
Barracuda 1 2 0 3
Devils 3 1 3 7
Shots
1 2 3 T
Barracuda 10 24 7 41
Devils 6 9 18 33

GoalsPenalties
1st period
1. Devils , Spencer Foo 26 (Zach Sanford 30, Paul Byron 32) at 2:59
2. Barracuda , Adam Cracknell 34 (Scott Harrington 48, Anatoly Golyshev 4) at 8:52
3. Devils , Zach Sanford 16 (Paul Byron 33, Spencer Foo 40) at 9:08
4. Devils , Kyle Clifford 9 (Pierre-Édouard Bellemarre 28, Anthony Bitetto 25) at 11:54
Carl Dahlstrom (BIN) for Interference (Minor) at 3:34
Doyle Somerby (BIN) for Holding Stick (Minor) at 19:18
2nd period
5. Barracuda , Alex Dostie 18 (Scott Harrington 49, Andy Welinski 49) at 0:55 (PP)
6. Barracuda , Fredrik Olofsson 13 (Brendan Warren 32, Nicolas Meloche 37) at 5:00
7. Devils , Cole Cassels 19 (Pavel Gogolev 24, Doyle Somerby 19) at 6:15
Doyle Somerby (BIN) for Hooking (Minor) at 2:58
Adam Cracknell (SAN) for Tripping (Minor) at 13:20
3rd period
8. Devils , Cole Cassels 20 (Doyle Somerby 20, Pavel Gogolev 25) at 8:10 (PP)
9. Devils , Kyle Clifford 10 (Dalton Thrower 16, Pierre-Édouard Bellemarre 29) at 8:47
10. Devils , Spencer Foo 27 (Zach Sanford 31, Michael Anderson 27) at 17:42
Kyle Clifford (BIN) for Roughing (Minor) at 1:23
Brendan Warren (SAN) for Delaying the game (Minor) at 6:25
Doyle Somerby (BIN) for Interference (Minor) at 9:26
Goalie Stats
Ken Appleby (SAN), 16 saves from 21 shots - (0,762), L, 40-26-6, 48:10 minutes
Joel Rumpel (SAN), 10 saves from 12 shots - (0,833), 11:50 minutes
Scott Wedgewood (BIN), 38 saves from 41 shots - (0,927), W, 6-3-2, 60:00 minutes
3 StarsOfficial
1 - Spencer Foo (BIN)
2 - Zach Sanford (BIN)
3 - Cole Cassels (BIN)
Referees : Don Koharski and Francois StLaurent
Linesman : Greg Devorski and Shane Heyer
Game Note
Joel Rumpel enters game at 8:10 of 3rd period
Finance
Level 1 -- Attendance: 2000 (100,00%) -- Ticket Income $60,000
Level 2 -- Attendance: 991 (99,10%) -- Ticket Income $19,820
Total Attendance: 2991 (99,70%)
Total Ticket Income: $79,820
Other Income: $15,964
Total Income: $95,784



Team Name Goals Shots Shots Attemp Shots Blocked PIM HIT PP PK FO%
Barracuda 3418654151 / 5 (20%)144%
Devils 733621410301 / 2 (50%)156%

Barracuda
Player Name POS G A P +/- PIM HIT SHT SB MP PP MP PP SHT PK MP PK SHT FO% FOT
Adam Cracknell C/LW/RW101-1233023:484:1901:03055% 40
Albin GreweLW000000000:420:2200:0000% 0
Alex DostieC/LW1010007121:574:5241:51032% 31
Alexis D'AoustC/RW0000002020:285:1410:0000% 0
Anatoly GolyshevLW/RW011000002:580:0000:0000% 0
Andrei AltybarmakyanRW000-3001013:020:0000:0000% 2
Andy WelinskiD011-1003122:455:1432:1400% 0
Brendan WarrenC/LW011-1258023:174:1910:52067% 3
Dmitry ZavgorodniyLW000000000:000:0000:0000% 0
Fredrik OlofssonC/LW101-3001013:100:0000:08050% 2
Graham KnottC/LW0000031021:415:1411:13067% 3
Jordy BelleriveC000-3001015:230:0002:21031% 16
Julius BergmanD000-1010211:450:0000:0000% 0
Matthew PhillipsC/RW000-1013019:484:1910:000100% 1
Nicolas MelocheD011-2006025:304:1931:3010% 0
Robert BortuzzoD000-2002025:304:1911:3000% 0
Scott HarringtonD022-1012122:455:1402:1400% 0
Stepan FalkovskyD000-1011011:450:0000:0000% 0
Devils
Player Name POS G A P +/- PIM HIT SHT SB MP PP MP PP SHT PK MP PK SHT FO% FOT
Anthony BitettoD0110040112:510:0000:0000% 0
Cal ClutterbuckLW/RW0001041019:341:4400:0000% 0
Carl DahlstromD0002241123:032:0004:0800% 0
Cole CasselsC2021002019:341:4410:00062% 21
Dalton ThrowerD0110010315:540:0003:0300% 0
Doyle SomerbyD0222621120:371:4412:0000% 0
Eric RobinsonLW000000000:000:0000:0000% 0
Kirill MaksimovRW0000031012:010:0000:0000% 0
Kyle CliffordLW2020205012:000:0000:000100% 1
Mackenzie MacEachernLW000000102:180:0000:0300% 0
Michael AndersonD0112011323:051:4414:2500% 0
Paul ByronC/LW/RW0223031023:262:0006:49050% 26
Pavel GogolevLW0221001022:181:4402:44044% 9
Pierre-Édouard BellemarreC/LW/RW0220014212:010:0000:00053% 15
Ryan MurphyD0002030324:262:0005:3000% 0
Samuel HoudeC000000302:150:0000:00060% 5
Spencer FooRW2133015019:182:0002:41050% 2
Zach SanfordLW1233036025:412:0016:49063% 19



Play-by-Play

1st period


0:01 of 1st period - Paul Byron wins face-off versus Adam Cracknell in neutral zone.
1:00 of 1st period - Shot by Alexis D'Aoust.
1:00 of 1st period - Shot Misses the Net.
1:02 of 1st period - Shot by Graham Knott.
1:02 of 1st period - Shot Misses the Net.
1:04 of 1st period - Shot by Scott Harrington.
1:04 of 1st period - Stopped by Scott Wedgewood without a rebound.
1:05 of 1st period - Fredrik Olofsson wins face-off versus Pierre-Édouard Bellemarre in Devils zone.
1:05 of 1st period - Andrei Altybarmakyan is hit by Anthony Bitetto and loses puck.
1:09 of 1st period - Fredrik Olofsson is hit by Anthony Bitetto and loses puck.
1:18 of 1st period - Shot by Kirill Maksimov.
1:18 of 1st period - Deflect By Pierre-Édouard Bellemarre.
1:18 of 1st period - Shot Misses the Net.
2:13 of 1st period - Alex Dostie is hit by Kirill Maksimov and loses puck.
2:38 of 1st period - Shot by Alex Dostie.
2:38 of 1st period - Stopped by Scott Wedgewood without a rebound.
2:39 of 1st period - Paul Byron wins face-off versus Adam Cracknell in Devils zone.
2:39 of 1st period - Paul Byron is hit by Brendan Warren.
2:59 of 1st period - Shot by Spencer Foo.
2:59 of 1st period - Goal by Spencer Foo - Barracuda : 0 - Devils : 1.
3:00 of 1st period - Cole Cassels wins face-off versus Alex Dostie in neutral zone.
3:17 of 1st period - Shot by Alexis D'Aoust.
3:17 of 1st period - Shot Hit the Post.
3:19 of 1st period - Shot by Alex Dostie.
3:19 of 1st period - Shot Misses the Net.
3:21 of 1st period - Shot by Andy Welinski.
3:21 of 1st period - Shot Misses the Net.
3:23 of 1st period - Shot by Alex Dostie.
3:23 of 1st period - Stopped by Scott Wedgewood without a rebound.
3:24 of 1st period - Adam Cracknell wins face-off versus Samuel Houde in Devils zone.
3:24 of 1st period - Adam Cracknell is hit by Ryan Murphy.
3:29 of 1st period - Matthew Phillips is hit by Carl Dahlstrom and loses puck.
3:33 of 1st period - Icing by Samuel Houde.
3:34 of 1st period - Adam Cracknell wins face-off versus Samuel Houde in Devils zone.
3:34 of 1st period - Minor Penalty to Carl Dahlstrom for Interference.
3:35 of 1st period - Adam Cracknell wins face-off versus Zach Sanford in Devils zone.
3:35 of 1st period - Adam Cracknell is hit by Dalton Thrower.
3:49 of 1st period - Shot by Brendan Warren.
3:49 of 1st period - Stopped by Scott Wedgewood without a rebound.
3:50 of 1st period - Zach Sanford wins face-off versus Alex Dostie in Devils zone.
3:56 of 1st period - Icing by Scott Harrington.
3:57 of 1st period - Zach Sanford wins face-off versus Alex Dostie in Barracuda zone.
4:14 of 1st period - Doyle Somerby is hit by Graham Knott and loses puck.
4:50 of 1st period - Icing by Matthew Phillips.
4:51 of 1st period - Brendan Warren wins face-off versus Pavel Gogolev in Barracuda zone.
5:06 of 1st period - Off-side.
5:07 of 1st period - Zach Sanford wins face-off versus Adam Cracknell in neutral zone.
5:07 of 1st period - Paul Byron is hit by Adam Cracknell and loses puck.
5:12 of 1st period - Paul Byron is hit by Brendan Warren and loses puck.
5:28 of 1st period - Shot by Nicolas Meloche.
5:28 of 1st period - Stopped by Scott Wedgewood without a rebound.
5:29 of 1st period - Alex Dostie wins face-off versus Pavel Gogolev in Devils zone.
5:30 of 1st period - Shot by Andy Welinski.
5:30 of 1st period - Shot Misses the Net.
5:32 of 1st period - Shot by Andy Welinski.
5:32 of 1st period - Stopped by Scott Wedgewood without a rebound.
5:33 of 1st period - Pavel Gogolev wins face-off versus Alex Dostie in Devils zone.
5:42 of 1st period - Shot by Spencer Foo.
5:42 of 1st period - Shot Misses the Net.
7:31 of 1st period - Icing by Nicolas Meloche.
7:32 of 1st period - Adam Cracknell wins face-off versus Pierre-Édouard Bellemarre in Barracuda zone.
7:55 of 1st period - Alex Dostie is hit by Kirill Maksimov and loses puck.
8:06 of 1st period - Shot by Graham Knott.
8:06 of 1st period - Shot Blocked by Pierre-Édouard Bellemarre.
8:48 of 1st period - Shot by Scott Harrington.
8:48 of 1st period - Stopped by Scott Wedgewood with a rebound.
8:50 of 1st period - Shot by Adam Cracknell .
8:50 of 1st period - Shot Misses the Net.
8:52 of 1st period - Shot by Adam Cracknell .
8:52 of 1st period - Goal by Adam Cracknell - Barracuda : 1 - Devils : 1.
8:53 of 1st period - Jordy Bellerive wins face-off versus Paul Byron in neutral zone.
8:56 of 1st period - Shot by Fredrik Olofsson.
8:56 of 1st period - Deflect By Jordy Bellerive.
8:56 of 1st period - Stopped by Scott Wedgewood without a rebound.
8:57 of 1st period - Paul Byron wins face-off versus Jordy Bellerive in Devils zone.
9:08 of 1st period - Shot by Zach Sanford.
9:08 of 1st period - Goal by Zach Sanford - Barracuda : 1 - Devils : 2.
9:09 of 1st period - Alex Dostie wins face-off versus Cole Cassels in neutral zone.
9:27 of 1st period - Shot by Graham Knott.
9:27 of 1st period - Shot Misses the Net.
10:30 of 1st period - Shot by Brendan Warren.
10:30 of 1st period - Deflect By Matthew Phillips.
10:30 of 1st period - Shot Blocked by Michael Anderson.
11:05 of 1st period - Ryan Murphy is hit by Stepan Falkovsky and loses puck.
11:37 of 1st period - Kyle Clifford is hit by Julius Bergman and loses puck.
11:54 of 1st period - Shot by Kyle Clifford.
11:54 of 1st period - Goal by Kyle Clifford - Barracuda : 1 - Devils : 3.
11:55 of 1st period - Samuel Houde wins face-off versus Alex Dostie in neutral zone.
13:10 of 1st period - Adam Cracknell is hit by Pierre-Édouard Bellemarre and loses puck.
13:40 of 1st period - Icing by Cal Clutterbuck.
13:41 of 1st period - Jordy Bellerive wins face-off versus Cole Cassels in Devils zone.
13:41 of 1st period - Robert Bortuzzo is hit by Doyle Somerby and loses puck.
13:50 of 1st period - Jordy Bellerive is hit by Cal Clutterbuck and loses puck.
14:33 of 1st period - Shot by Spencer Foo.
14:33 of 1st period - Stopped by Ken Appleby with a rebound.
14:35 of 1st period - Shot by Zach Sanford.
14:35 of 1st period - Shot Misses the Net.
14:45 of 1st period - Shot by Zach Sanford.
14:45 of 1st period - Shot Misses the Net.
15:10 of 1st period - Off-side.
15:11 of 1st period - Pierre-Édouard Bellemarre wins face-off versus Alex Dostie in neutral zone.
15:16 of 1st period - Shot by Kyle Clifford.
15:16 of 1st period - Shot Blocked by Julius Bergman.
15:20 of 1st period - Shot by Kyle Clifford.
15:20 of 1st period - Stopped by Ken Appleby without a rebound.
15:21 of 1st period - Alex Dostie wins face-off versus Pavel Gogolev in Barracuda zone.
15:21 of 1st period - Alex Dostie is hit by Cal Clutterbuck.
15:24 of 1st period - Icing by Andy Welinski.
15:25 of 1st period - Pavel Gogolev wins face-off versus Graham Knott in Barracuda zone.
15:46 of 1st period - Shot by Alexis D'Aoust.
15:46 of 1st period - Stopped by Scott Wedgewood without a rebound.
15:47 of 1st period - Paul Byron wins face-off versus Adam Cracknell in Devils zone.
15:58 of 1st period - Shot by Paul Byron.
15:58 of 1st period - Deflect By Zach Sanford.
15:58 of 1st period - Stopped by Ken Appleby without a rebound.
15:59 of 1st period - Alex Dostie wins face-off versus Cole Cassels in Barracuda zone.
16:25 of 1st period - Cole Cassels is hit by Graham Knott and loses puck.
16:37 of 1st period - Icing by Scott Harrington.
16:38 of 1st period - Paul Byron wins face-off versus Alex Dostie in Barracuda zone.
16:43 of 1st period - Shot by Zach Sanford.
16:43 of 1st period - Shot Blocked by Alex Dostie.
17:19 of 1st period - Adam Cracknell is hit by Michael Anderson and loses puck.
17:28 of 1st period - Shot by Matthew Phillips.
17:28 of 1st period - Shot Misses the Net.
17:30 of 1st period - Shot by Brendan Warren.
17:30 of 1st period - Shot Misses the Net.
17:47 of 1st period - Off-side.
17:48 of 1st period - Cole Cassels wins face-off versus Jordy Bellerive in neutral zone.
18:42 of 1st period - Icing by Nicolas Meloche.
18:43 of 1st period - Pierre-Édouard Bellemarre wins face-off versus Adam Cracknell in Barracuda zone.
19:09 of 1st period - Icing by Nicolas Meloche.
19:10 of 1st period - Samuel Houde wins face-off versus Adam Cracknell in Barracuda zone.
19:18 of 1st period - Minor Penalty to Doyle Somerby for Holding Stick.
19:19 of 1st period - Zach Sanford wins face-off versus Alex Dostie in Devils zone.
Goals for this period are 1 for Barracuda vs 3 for Devils.
Shots for this period are 10 for Barracuda vs 6 for Devils.

2nd period


0:01 of 2nd period - Adam Cracknell wins face-off versus Zach Sanford in neutral zone.
0:01 of 2nd period - Adam Cracknell is hit by Paul Byron.
0:16 of 2nd period - Shot by Robert Bortuzzo.
0:16 of 2nd period - Stopped by Scott Wedgewood with a rebound.
0:18 of 2nd period - Shot by Robert Bortuzzo.
0:18 of 2nd period - Shot Blocked by Dalton Thrower.
0:20 of 2nd period - Shot by Brendan Warren.
0:20 of 2nd period - Shot Misses the Net.
0:32 of 2nd period - Shot by Robert Bortuzzo.
0:32 of 2nd period - Shot Misses the Net.
0:34 of 2nd period - Shot by Nicolas Meloche.
0:34 of 2nd period - Stopped by Scott Wedgewood without a rebound.
0:35 of 2nd period - Zach Sanford wins face-off versus Alex Dostie in Devils zone.
0:41 of 2nd period - Icing by Andy Welinski.
0:42 of 2nd period - Zach Sanford wins face-off versus Alex Dostie in Barracuda zone.
0:53 of 2nd period - Shot by Scott Harrington.
0:53 of 2nd period - Shot Misses the Net.
0:55 of 2nd period - Shot by Alex Dostie.
0:55 of 2nd period - Goal by Alex Dostie - Barracuda : 2 - Devils : 3.
0:56 of 2nd period - Adam Cracknell wins face-off versus Cole Cassels in neutral zone.
1:07 of 2nd period - Shot by Brendan Warren.
1:07 of 2nd period - Stopped by Scott Wedgewood without a rebound.
1:08 of 2nd period - Paul Byron wins face-off versus Alex Dostie in Devils zone.
1:15 of 2nd period - Shot by Zach Sanford.
1:15 of 2nd period - Shot Misses the Net.
1:19 of 2nd period - Shot by Paul Byron.
1:19 of 2nd period - Stopped by Ken Appleby with a rebound.
1:21 of 2nd period - Shot by Zach Sanford.
1:21 of 2nd period - Shot Blocked by Julius Bergman.
1:31 of 2nd period - Shot by Carl Dahlstrom.
1:31 of 2nd period - Deflect By Spencer Foo.
1:31 of 2nd period - Stopped by Ken Appleby without a rebound.
1:32 of 2nd period - Adam Cracknell wins face-off versus Cole Cassels in Barracuda zone.
1:49 of 2nd period - Shot by Brendan Warren.
1:49 of 2nd period - Stopped by Scott Wedgewood without a rebound.
1:50 of 2nd period - Alex Dostie wins face-off versus Paul Byron in Devils zone.
2:12 of 2nd period - Scott Harrington is hit by Ryan Murphy and loses puck.
2:27 of 2nd period - Shot by Zach Sanford.
2:27 of 2nd period - Shot Blocked by Scott Harrington.
2:58 of 2nd period - Minor Penalty to Doyle Somerby for Hooking.
2:59 of 2nd period - Brendan Warren wins face-off versus Paul Byron in Devils zone.
3:14 of 2nd period - Shot by Nicolas Meloche.
3:14 of 2nd period - Stopped by Scott Wedgewood without a rebound.
3:15 of 2nd period - Alex Dostie wins face-off versus Pavel Gogolev in Devils zone.
3:16 of 2nd period - Shot by Andy Welinski.
3:16 of 2nd period - Stopped by Scott Wedgewood with a rebound.
3:18 of 2nd period - Shot by Alexis D'Aoust.
3:18 of 2nd period - Stopped by Scott Wedgewood with a rebound.
3:20 of 2nd period - Shot by Andy Welinski.
3:20 of 2nd period - Stopped by Scott Wedgewood without a rebound.
3:21 of 2nd period - Pavel Gogolev wins face-off versus Adam Cracknell in Devils zone.
4:09 of 2nd period - Carl Dahlstrom is hit by Graham Knott and loses puck.
4:22 of 2nd period - Andy Welinski is hit by Carl Dahlstrom and loses puck.
4:29 of 2nd period - Shot by Alexis D'Aoust.
4:29 of 2nd period - Deflect By Alex Dostie.
4:29 of 2nd period - Stopped by Scott Wedgewood with a rebound.
4:31 of 2nd period - Shot by Alex Dostie.
4:31 of 2nd period - Stopped by Scott Wedgewood without a rebound.
4:32 of 2nd period - Adam Cracknell wins face-off versus Zach Sanford in Devils zone.
4:50 of 2nd period - Icing by Nicolas Meloche.
4:51 of 2nd period - Zach Sanford wins face-off versus Adam Cracknell in Barracuda zone.
5:00 of 2nd period - Shot by Fredrik Olofsson.
5:00 of 2nd period - Goal by Fredrik Olofsson - Barracuda : 3 - Devils : 3.
5:01 of 2nd period - Cole Cassels wins face-off versus Alex Dostie in neutral zone.
5:14 of 2nd period - Shot by Alexis D'Aoust.
5:14 of 2nd period - Shot Misses the Net.
5:16 of 2nd period - Shot by Stepan Falkovsky.
5:16 of 2nd period - Deflect By Alex Dostie.
5:16 of 2nd period - Stopped by Scott Wedgewood without a rebound.
5:17 of 2nd period - Pierre-Édouard Bellemarre wins face-off versus Jordy Bellerive in Devils zone.
5:24 of 2nd period - Shot by Pierre-Édouard Bellemarre.
5:24 of 2nd period - Shot Blocked by Andy Welinski.
5:26 of 2nd period - Shot by Pierre-Édouard Bellemarre.
5:26 of 2nd period - Stopped by Ken Appleby without a rebound.
5:27 of 2nd period - Cole Cassels wins face-off versus Alex Dostie in Barracuda zone.
5:31 of 2nd period - Icing by Graham Knott.
5:32 of 2nd period - Paul Byron wins face-off versus Alex Dostie in Barracuda zone.
5:59 of 2nd period - Shot by Zach Sanford.
5:59 of 2nd period - Stopped by Ken Appleby without a rebound.
6:00 of 2nd period - Adam Cracknell wins face-off versus Cole Cassels in Barracuda zone.
6:15 of 2nd period - Shot by Cole Cassels.
6:15 of 2nd period - Goal by Cole Cassels - Barracuda : 3 - Devils : 4.
6:16 of 2nd period - Pierre-Édouard Bellemarre wins face-off versus Jordy Bellerive in neutral zone.
6:26 of 2nd period - Fredrik Olofsson is hit by Kirill Maksimov.
6:54 of 2nd period - Shot by Kyle Clifford.
6:54 of 2nd period - Shot Misses the Net.
7:09 of 2nd period - Icing by Dalton Thrower.
7:10 of 2nd period - Pierre-Édouard Bellemarre wins face-off versus Adam Cracknell in Devils zone.
7:12 of 2nd period - Icing by Kyle Clifford.
7:13 of 2nd period - Adam Cracknell wins face-off versus Pierre-Édouard Bellemarre in Devils zone.
7:34 of 2nd period - Icing by Brendan Warren.
7:35 of 2nd period - Adam Cracknell wins face-off versus Paul Byron in Barracuda zone.
7:35 of 2nd period - Adam Cracknell is hit by Spencer Foo.
7:46 of 2nd period - Shot by Brendan Warren.
7:46 of 2nd period - Stopped by Scott Wedgewood without a rebound.
7:47 of 2nd period - Alex Dostie wins face-off versus Pavel Gogolev in Devils zone.
8:22 of 2nd period - Shot by Cal Clutterbuck.
8:22 of 2nd period - Shot Misses the Net.
8:56 of 2nd period - Matthew Phillips is hit by Doyle Somerby and loses puck.
9:17 of 2nd period - Shot by Adam Cracknell .
9:17 of 2nd period - Shot Misses the Net.
9:19 of 2nd period - Shot by Adam Cracknell .
9:19 of 2nd period - Stopped by Scott Wedgewood without a rebound.
9:20 of 2nd period - Paul Byron wins face-off versus Andrei Altybarmakyan in Devils zone.
9:29 of 2nd period - Off-side.
9:30 of 2nd period - Paul Byron wins face-off versus Fredrik Olofsson in neutral zone.
9:45 of 2nd period - Shot by Zach Sanford.
9:45 of 2nd period - Shot Misses the Net.
9:47 of 2nd period - Shot by Carl Dahlstrom.
9:47 of 2nd period - Stopped by Ken Appleby without a rebound.
9:48 of 2nd period - Pierre-Édouard Bellemarre wins face-off versus Adam Cracknell in Barracuda zone.
9:53 of 2nd period - Shot by Kyle Clifford.
9:53 of 2nd period - Shot Misses the Net.
10:03 of 2nd period - Shot by Matthew Phillips.
10:03 of 2nd period - Shot Misses the Net.
10:05 of 2nd period - Shot by Brendan Warren.
10:05 of 2nd period - Shot Blocked by Pierre-Édouard Bellemarre.
10:07 of 2nd period - Shot by Robert Bortuzzo.
10:07 of 2nd period - Shot Misses the Net.
10:12 of 2nd period - Shot by Brendan Warren.
10:12 of 2nd period - Stopped by Scott Wedgewood with a rebound.
10:14 of 2nd period - Shot by Brendan Warren.
10:14 of 2nd period - Shot Misses the Net.
10:16 of 2nd period - Shot by Adam Cracknell .
10:16 of 2nd period - Stopped by Scott Wedgewood with a rebound.
10:18 of 2nd period - Shot by Nicolas Meloche.
10:18 of 2nd period - Stopped by Scott Wedgewood with a rebound.
10:20 of 2nd period - Shot by Robert Bortuzzo.
10:20 of 2nd period - Stopped by Scott Wedgewood with a rebound.
10:28 of 2nd period - Shot by Matthew Phillips.
10:28 of 2nd period - Stopped by Scott Wedgewood without a rebound.
10:29 of 2nd period - Alex Dostie wins face-off versus Paul Byron in Devils zone.
10:48 of 2nd period - Shot by Paul Byron.
10:48 of 2nd period - Shot Misses the Net.
12:07 of 2nd period - Icing by Julius Bergman.
12:08 of 2nd period - Kyle Clifford wins face-off versus Jordy Bellerive in Barracuda zone.
12:33 of 2nd period - Shot by Robert Bortuzzo.
12:33 of 2nd period - Deflect By Matthew Phillips.
12:33 of 2nd period - Stopped by Scott Wedgewood without a rebound.
12:34 of 2nd period - Adam Cracknell wins face-off versus Zach Sanford in Devils zone.
12:34 of 2nd period - Adam Cracknell is hit by Ryan Murphy.
12:36 of 2nd period - Shot by Matthew Phillips.
12:36 of 2nd period - Shot Hit the Post.
12:38 of 2nd period - Shot by Adam Cracknell .
12:38 of 2nd period - Shot Blocked by Ryan Murphy.
12:42 of 2nd period - Shot by Adam Cracknell .
12:42 of 2nd period - Deflect By Brendan Warren.
12:42 of 2nd period - Stopped by Scott Wedgewood without a rebound.
12:43 of 2nd period - Cole Cassels wins face-off versus Adam Cracknell in Devils zone.
12:43 of 2nd period - Cole Cassels is hit by Brendan Warren.
13:08 of 2nd period - Shot by Brendan Warren.
13:08 of 2nd period - Shot Misses the Net.
13:20 of 2nd period - Minor Penalty to Adam Cracknell for Tripping.
13:21 of 2nd period - Paul Byron wins face-off versus Jordy Bellerive in Barracuda zone.
13:22 of 2nd period - Shot by Spencer Foo.
13:22 of 2nd period - Shot Misses the Net.
13:24 of 2nd period - Shot by Ryan Murphy.
13:24 of 2nd period - Shot Misses the Net.
13:58 of 2nd period - Shot by Nicolas Meloche.
13:58 of 2nd period - Shot Misses the Net.
14:00 of 2nd period - Shot by Nicolas Meloche.
14:00 of 2nd period - Stopped by Scott Wedgewood without a rebound.
14:01 of 2nd period - Cole Cassels wins face-off versus Jordy Bellerive in Devils zone.
14:56 of 2nd period - Shot by Zach Sanford.
14:56 of 2nd period - Stopped by Ken Appleby without a rebound.
14:57 of 2nd period - Graham Knott wins face-off versus Paul Byron in Barracuda zone.
14:57 of 2nd period - Graham Knott is hit by Zach Sanford.
15:39 of 2nd period - Shot by Pierre-Édouard Bellemarre.
15:39 of 2nd period - Stopped by Ken Appleby without a rebound.
15:40 of 2nd period - Cole Cassels wins face-off versus Andrei Altybarmakyan in Barracuda zone.
16:09 of 2nd period - Shot by Nicolas Meloche.
16:09 of 2nd period - Shot Blocked by Michael Anderson.
16:11 of 2nd period - Shot by Robert Bortuzzo.
16:11 of 2nd period - Shot Misses the Net.
16:13 of 2nd period - Shot by Nicolas Meloche.
16:13 of 2nd period - Stopped by Scott Wedgewood with a rebound.
16:38 of 2nd period - Shot by Brendan Warren.
16:38 of 2nd period - Shot Misses the Net.
16:40 of 2nd period - Shot by Brendan Warren.
16:40 of 2nd period - Shot Misses the Net.
17:20 of 2nd period - Shot by Alex Dostie.
17:20 of 2nd period - Shot Blocked by Michael Anderson.
18:18 of 2nd period - Shot by Fredrik Olofsson.
18:18 of 2nd period - Shot Misses the Net.
19:07 of 2nd period - Carl Dahlstrom is hit by Adam Cracknell and loses puck.
19:17 of 2nd period - Off-side.
19:18 of 2nd period - Pierre-Édouard Bellemarre wins face-off versus Alex Dostie in neutral zone.
19:23 of 2nd period - Shot by Kyle Clifford.
19:23 of 2nd period - Stopped by Ken Appleby with a rebound.
19:42 of 2nd period - Off-side.
19:43 of 2nd period - Paul Byron wins face-off versus Jordy Bellerive in neutral zone.
Goals for this period are 2 for Barracuda vs 1 for Devils.
Shots for this period are 24 for Barracuda vs 9 for Devils.

3rd period


0:01 of 3rd period - Adam Cracknell wins face-off versus Paul Byron in neutral zone.
0:18 of 3rd period - Shot by Spencer Foo.
0:18 of 3rd period - Stopped by Ken Appleby with a rebound.
0:42 of 3rd period - Shot by Paul Byron.
0:42 of 3rd period - Deflect By Spencer Foo.
0:42 of 3rd period - Shot Misses the Net.
1:23 of 3rd period - Minor Penalty to Kyle Clifford for Roughing.
1:24 of 3rd period - Zach Sanford wins face-off versus Alex Dostie in Devils zone.
2:13 of 3rd period - Icing by Adam Cracknell .
2:14 of 3rd period - Matthew Phillips wins face-off versus Zach Sanford in Barracuda zone.
2:19 of 3rd period - Carl Dahlstrom is hit by Adam Cracknell and loses puck.
2:26 of 3rd period - Shot by Matthew Phillips.
2:26 of 3rd period - Shot Blocked by Carl Dahlstrom.
3:06 of 3rd period - Shot by Graham Knott.
3:06 of 3rd period - Stopped by Scott Wedgewood without a rebound.
3:07 of 3rd period - Pavel Gogolev wins face-off versus Adam Cracknell in Devils zone.
3:25 of 3rd period - Andrei Altybarmakyan is hit by Anthony Bitetto and loses puck.
3:31 of 3rd period - Jordy Bellerive is hit by Anthony Bitetto.
3:46 of 3rd period - Shot by Jordy Bellerive.
3:46 of 3rd period - Shot Misses the Net.
4:38 of 3rd period - Andy Welinski is hit by Cal Clutterbuck and loses puck.
5:12 of 3rd period - Shot by Zach Sanford.
5:12 of 3rd period - Stopped by Ken Appleby without a rebound.
5:13 of 3rd period - Paul Byron wins face-off versus Adam Cracknell in Barracuda zone.
5:38 of 3rd period - Off-side.
5:39 of 3rd period - Jordy Bellerive wins face-off versus Pierre-Édouard Bellemarre in neutral zone.
5:42 of 3rd period - Shot by Jordy Bellerive.
5:42 of 3rd period - Deflect By Andrei Altybarmakyan.
5:42 of 3rd period - Shot Blocked by Anthony Bitetto.
5:54 of 3rd period - Shot by Pierre-Édouard Bellemarre.
5:54 of 3rd period - Stopped by Ken Appleby without a rebound.
5:55 of 3rd period - Adam Cracknell wins face-off versus Paul Byron in Barracuda zone.
5:57 of 3rd period - Icing by Brendan Warren.
5:58 of 3rd period - Spencer Foo wins face-off versus Adam Cracknell in Barracuda zone.
5:59 of 3rd period - Shot by Paul Byron.
5:59 of 3rd period - Shot Misses the Net.
6:02 of 3rd period - Icing by Robert Bortuzzo.
6:03 of 3rd period - Adam Cracknell wins face-off versus Spencer Foo in Barracuda zone.
6:03 of 3rd period - Adam Cracknell is hit by Zach Sanford.
6:12 of 3rd period - Matthew Phillips is hit by Carl Dahlstrom and loses puck.
6:25 of 3rd period - Minor Penalty to Brendan Warren for Delaying the game.
6:26 of 3rd period - Cole Cassels wins face-off versus Adam Cracknell in Barracuda zone.
6:33 of 3rd period - Shot by Doyle Somerby.
6:33 of 3rd period - Stopped by Ken Appleby without a rebound.
6:34 of 3rd period - Adam Cracknell wins face-off versus Paul Byron in Barracuda zone.
7:42 of 3rd period - Shot by Pavel Gogolev.
7:42 of 3rd period - Shot Misses the Net.
7:44 of 3rd period - Shot by Michael Anderson.
7:44 of 3rd period - Stopped by Ken Appleby without a rebound.
7:45 of 3rd period - Cole Cassels wins face-off versus Jordy Bellerive in Barracuda zone.
8:08 of 3rd period - Shot by Pavel Gogolev.
8:08 of 3rd period - Shot Misses the Net.
8:10 of 3rd period - Shot by Doyle Somerby.
8:10 of 3rd period - Deflect By Cole Cassels.
8:10 of 3rd period - Goal by Cole Cassels - Barracuda : 3 - Devils : 5.
8:10 of 3rd period - Joel Rumpel enters game.
8:11 of 3rd period - Adam Cracknell wins face-off versus Pierre-Édouard Bellemarre in neutral zone.
8:21 of 3rd period - Shot by Kyle Clifford.
8:21 of 3rd period - Stopped by Joel Rumpel without a rebound.
8:22 of 3rd period - Alex Dostie wins face-off versus Paul Byron in Barracuda zone.
8:22 of 3rd period - Robert Bortuzzo is hit by Paul Byron and loses puck.
8:39 of 3rd period - Shot by Zach Sanford.
8:39 of 3rd period - Shot Misses the Net.
8:41 of 3rd period - Shot by Zach Sanford.
8:41 of 3rd period - Stopped by Joel Rumpel without a rebound.
8:42 of 3rd period - Pierre-Édouard Bellemarre wins face-off versus Jordy Bellerive in Barracuda zone.
8:47 of 3rd period - Shot by Kyle Clifford.
8:47 of 3rd period - Goal by Kyle Clifford - Barracuda : 3 - Devils : 6.
8:48 of 3rd period - Adam Cracknell wins face-off versus Paul Byron in neutral zone.
9:11 of 3rd period - Icing by Robert Bortuzzo.
9:12 of 3rd period - Cole Cassels wins face-off versus Adam Cracknell in Barracuda zone.
9:18 of 3rd period - Adam Cracknell is hit by Cal Clutterbuck and loses puck.
9:26 of 3rd period - Minor Penalty to Doyle Somerby for Interference.
9:27 of 3rd period - Zach Sanford wins face-off versus Alex Dostie in Devils zone.
9:54 of 3rd period - Shot by Alex Dostie.
9:54 of 3rd period - Stopped by Scott Wedgewood without a rebound.
9:55 of 3rd period - Zach Sanford wins face-off versus Adam Cracknell in Devils zone.
10:10 of 3rd period - Ryan Murphy is hit by Brendan Warren and loses puck.
10:21 of 3rd period - Shot by Matthew Phillips.
10:21 of 3rd period - Stopped by Scott Wedgewood without a rebound.
10:22 of 3rd period - Graham Knott wins face-off versus Zach Sanford in Devils zone.
10:30 of 3rd period - Icing by Andy Welinski.
10:31 of 3rd period - Zach Sanford wins face-off versus Alex Dostie in Barracuda zone.
10:45 of 3rd period - Icing by Andy Welinski.
10:46 of 3rd period - Alex Dostie wins face-off versus Zach Sanford in Barracuda zone.
10:46 of 3rd period - Alex Dostie is hit by Paul Byron.
11:00 of 3rd period - Shot by Andy Welinski.
11:00 of 3rd period - Shot Misses the Net.
11:06 of 3rd period - Scott Harrington is hit by Zach Sanford and loses puck.
11:47 of 3rd period - Icing by Robert Bortuzzo.
11:48 of 3rd period - Adam Cracknell wins face-off versus Cole Cassels in Barracuda zone.
11:53 of 3rd period - Pavel Gogolev is hit by Matthew Phillips and loses puck.
12:00 of 3rd period - Shot by Brendan Warren.
12:00 of 3rd period - Shot Blocked by Doyle Somerby.
12:10 of 3rd period - Shot by Brendan Warren.
12:10 of 3rd period - Stopped by Scott Wedgewood without a rebound.
12:11 of 3rd period - Jordy Bellerive wins face-off versus Pierre-Édouard Bellemarre in Devils zone.
12:24 of 3rd period - Shot by Fredrik Olofsson.
12:24 of 3rd period - Shot Blocked by Ryan Murphy.
12:26 of 3rd period - Shot by Stepan Falkovsky.
12:26 of 3rd period - Stopped by Scott Wedgewood without a rebound.
12:27 of 3rd period - Samuel Houde wins face-off versus Alex Dostie in Devils zone.
12:43 of 3rd period - Shot by Mackenzie MacEachern.
12:43 of 3rd period - Stopped by Joel Rumpel with a rebound.
12:45 of 3rd period - Shot by Mackenzie MacEachern.
12:45 of 3rd period - Shot Misses the Net.
12:47 of 3rd period - Shot by Samuel Houde.
12:47 of 3rd period - Stopped by Joel Rumpel without a rebound.
12:48 of 3rd period - Adam Cracknell wins face-off versus Cole Cassels in Barracuda zone.
12:57 of 3rd period - Shot by Pavel Gogolev.
12:57 of 3rd period - Stopped by Joel Rumpel without a rebound.
12:58 of 3rd period - Adam Cracknell wins face-off versus Paul Byron in Barracuda zone.
13:20 of 3rd period - Off-side.
13:21 of 3rd period - Cole Cassels wins face-off versus Alex Dostie in neutral zone.
14:23 of 3rd period - Shot by Paul Byron.
14:23 of 3rd period - Shot Misses the Net.
15:26 of 3rd period - Shot by Pierre-Édouard Bellemarre.
15:26 of 3rd period - Stopped by Joel Rumpel without a rebound.
15:27 of 3rd period - Zach Sanford wins face-off versus Brendan Warren in Barracuda zone.
15:33 of 3rd period - Shot by Zach Sanford.
15:33 of 3rd period - Shot Misses the Net.
15:35 of 3rd period - Shot by Doyle Somerby.
15:35 of 3rd period - Shot Misses the Net.
15:39 of 3rd period - Shot by Samuel Houde.
15:39 of 3rd period - Stopped by Joel Rumpel with a rebound.
15:51 of 3rd period - Shot by Samuel Houde.
15:51 of 3rd period - Stopped by Joel Rumpel without a rebound.
15:52 of 3rd period - Cole Cassels wins face-off versus Jordy Bellerive in Barracuda zone.
16:05 of 3rd period - Shot by Fredrik Olofsson.
16:05 of 3rd period - Shot Blocked by Dalton Thrower.
16:07 of 3rd period - Shot by Jordy Bellerive.
16:07 of 3rd period - Deflect By Andrei Altybarmakyan.
16:07 of 3rd period - Stopped by Scott Wedgewood with a rebound.
16:09 of 3rd period - Shot by Jordy Bellerive.
16:09 of 3rd period - Shot Blocked by Dalton Thrower.
16:11 of 3rd period - Shot by Jordy Bellerive.
16:11 of 3rd period - Shot Misses the Net.
16:53 of 3rd period - Brendan Warren is hit by Carl Dahlstrom.
16:59 of 3rd period - Kyle Clifford is hit by Brendan Warren.
17:02 of 3rd period - Off-side.
17:03 of 3rd period - Adam Cracknell wins face-off versus Paul Byron in neutral zone.
17:26 of 3rd period - Shot by Brendan Warren.
17:26 of 3rd period - Stopped by Scott Wedgewood with a rebound.
17:28 of 3rd period - Shot by Andy Welinski.
17:28 of 3rd period - Shot Misses the Net.
17:42 of 3rd period - Shot by Spencer Foo.
17:42 of 3rd period - Goal by Spencer Foo - Barracuda : 3 - Devils : 7.
17:43 of 3rd period - Jordy Bellerive wins face-off versus Pierre-Édouard Bellemarre in neutral zone.
18:06 of 3rd period - Shot by Carl Dahlstrom.
18:06 of 3rd period - Shot Misses the Net.
18:08 of 3rd period - Shot by Kirill Maksimov.
18:08 of 3rd period - Stopped by Joel Rumpel without a rebound.
18:09 of 3rd period - Cole Cassels wins face-off versus Adam Cracknell in Barracuda zone.
18:44 of 3rd period - Shot by Cal Clutterbuck.
18:44 of 3rd period - Shot Hit the Post.
18:46 of 3rd period - Shot by Pavel Gogolev.
18:46 of 3rd period - Shot Misses the Net.
18:48 of 3rd period - Shot by Cal Clutterbuck.
18:48 of 3rd period - Stopped by Joel Rumpel without a rebound.
18:49 of 3rd period - Paul Byron wins face-off versus Alex Dostie in Barracuda zone.
18:51 of 3rd period - Spencer Foo is hit by Scott Harrington and loses puck.
19:06 of 3rd period - Shot by Alex Dostie.
19:06 of 3rd period - Shot Misses the Net.
19:08 of 3rd period - Shot by Alex Dostie.
19:08 of 3rd period - Shot Misses the Net.
19:10 of 3rd period - Shot by Alexis D'Aoust.
19:10 of 3rd period - Shot Blocked by Ryan Murphy.
Goals for this period are 0 for Barracuda vs 3 for Devils.
Shots for this period are 7 for Barracuda vs 18 for Devils.